 Dungeon Crawl Stone Soup version 0.25-a0-279-g53730b6a6f (webtiles) character file.

Game seed: 7868202939449137774, levelgen mode: deterministic

837 DerDa the Thaumaturge (level 7, 0/36 HPs)
             Began as a Deep Elf Fire Elementalist on Dec 10, 2019.
             Was an Initiate of Vehumet.
             Slain by an ogre
             ... wielding a +0 giant club
              (29 damage)
             ... on level 5 of the Dungeon.
             The game lasted 00:20:51 (4965 turns).

DerDa the Thaumaturge (Deep Elf Fire Elementalist)  Turns: 4965, Time: 00:20:52

Health: 0/36       AC:  6    Str:  5    XL:     7   Next: 66%
Magic:  17/21      EV: 13    Int: 22    God:    Vehumet [......]
Gold:   326        SH:  0    Dex: 15    Spells: 10/23 levels left

rFire    . . .     SeeInvis .   e - +0 whip
rCold    . . .     Gourm    .   (no shield)
rNeg     + . .     Faith    .   a - +0 robe
rPois    .         Spirit   .   r - +1 hat
rElec    .         Reflect  .   (no cloak)
rCorr    .         Harm     .   (no gloves)
MR       .....                  (no boots)
Stlth    ++........             (no amulet)
HPRegen  0.12/turn              q - ring of positive energy
MPRegen  0.17/turn              x - +3 ring of protection

@: no status effects
A: no striking features
a: Renounce Religion


You were on level 5 of the Dungeon.
You worshipped Vehumet.
Vehumet was noncommittal.
You were not hungry.

You visited 2 branches of the dungeon, and saw 6 of its levels.

You collected 326 gold pieces.

Inventory:

Hand Weapons
 e - a +0 whip (weapon)
 p - a +0 hand crossbow
Missiles
 d - 64 bolts
 f - 115 stones (quivered)
 m - 63 sling bullets
 n - 168 arrows
Armour
 a - a +0 robe (worn)
 r - a +1 hat (worn)
Jewellery
 q - a ring of positive energy (left hand)
 x - a +3 ring of protection (right hand)
Wands
 u - a wand of polymorph (5)
Scrolls
 b - 2 scrolls of teleportation
 g - a scroll of fog {unknown}
 i - a scroll of amnesia {unknown}
 k - a scroll of random uselessness {unknown}
 o - 3 scrolls of fear {unknown}
 t - a scroll of blinking {unknown}
 w - a scroll of enchant armour {unknown}
 y - a scroll of remove curse {unknown}
Potions
 j - a potion of resistance {unknown}
 l - 4 potions of might {unknown}
 s - a potion of invisibility {unknown}
 v - a potion of brilliance {unknown}
Comestibles
 c - 8 rations
 h - 5 chunks of flesh


   Skills:
 + Level 3.3 Dodging
 - Level 2.5 Stealth
 * Level 8.5 Spellcasting
 + Level 4.3 Conjurations
 + Level 5.6 Fire Magic


You had 10 spell levels left.
You knew the following spells:

 Your Spells              Type           Power        Failure   Level  Hunger
a - Foxfire               Conj/Fire      ####         1%          1    None
b - Conjure Flame         Conj/Fire      ####....     2%          3    None
c - Sticky Flame          Conj/Fire      ####....     9%          4    ###....
d - Fireball              Conj/Fire      ####......   26%         5    #####..

Your spell library contained the following spells:

 Spells                   Type           Power        Failure   Level  Hunger
 Animate Skeleton         Necr           N/A          7%          1    None
 Apportation              Tloc           #.....       7%          1    None
 Confusing Touch          Hex            #.....       7%          1    None
 Summon Small Mammal      Summ           #...         7%          1    None
 Inner Flame              Hex/Fire       ###.....     7%          3    None


Dungeon Overview and Level Annotations

Branches:
Dungeon (5/15)             Temple (1/1) D:4

Altars:
Ashenzari
Cheibriados
Dithmenos
Elyvilon
Fedhas
Gozag
Hepliaklqana
Kikubaaqudgha
Makhleb
Nemelex Xobeh
Okawaru
Qazlal
Ru
Trog
Uskayaw
Vehumet
Wu Jian
Xom
Yredelemnul
Zin
The Shining One

Annotations:
D:5 2 transporters, hydraslayer's ghost, novice DEFE


Message History

Magic restored.
You open the door.
There is an open door here.
You open the door.
An ogre comes into view. It is wielding a +0 giant club.
Found 8 poisoned darts, a scroll labeled YZUOGG JOEGG and 8 gold pieces.
There is an open door here.
The ogre shouts!
You see here 8 poisoned darts.
Casting: Sticky Flame (safe; 9% risk of failure)
Confirm with . or Enter, or press ? or * to list all spells.
Aiming: Sticky Flame (safe; 9% risk of failure)
Press: ? - help, Shift-Dir - straight line, f - ogre
Aim: an ogre, wielding a +0 giant club The sticky flame hits the ogre!
The ogre is moderately wounded.
The ogre is covered in liquid flames!
The ogre burns!
The ogre hits you with a +0 giant club!!
Ouch! That really hurt!
You die...

. ##......#
+###.##.....##
##.'@O$#......#
##'###.##......#
##..#####.......##
#....#...........#
#...[รท.#.#.......#
##..##.#.#........
####.........##.#
.........#.#..####.#
#
..#.#...##.#.......#
#


You could see an ogre (burning).

Vanquished Creatures
  Menkaure (D:5)
  2 ogres
  A centaur (D:5)
  A scorpion (D:4)
  A hound (D:4)
  A jelly (D:2)
  2 centaur skeletons (D:5)
  An iguana (D:4)
  2 worker ants (D:4)
  2 hound skeletons
  4 gnolls (D:3)
  7 adders
  An adder skeleton (D:4)
  2 worms (D:2)
  3 dart slugs
  4 leopard geckos
  8 orcs
  4 giant cockroaches
  10 goblins
  3 hobgoblins
  2 jackals (D:4)
  A quokka (D:4)
  A ball python (D:3)
  7 bats
  7 frilled lizards
  9 kobolds
  A quokka skeleton (D:4)
  8 rats
96 creatures vanquished.

Vanquished Creatures (others)
  282 foxfires
282 creatures vanquished.

Grand Total: 378 creatures vanquished

Notes
Turn   | Place    | Note
-------+----------+-------------------------------------------
     0 | D:1      | DerDa the Deep Elf Fire Elementalist began the quest for
                  | the Orb.
     0 | D:1      | Reached XP level 1. HP: 10/10 MP: 6/6
   359 | D:1      | Reached XP level 2. HP: 15/15 MP: 5/8
   983 | D:2      | Reached XP level 3. HP: 17/19 MP: 6/10
  1000 | D:2      | Learned a level 3 spell: Conjure Flame
  1020 | D:2      | Reached skill level 4 in Spellcasting
  1472 | D:2      | Reached XP level 4. HP: 24/24 MP: 9/12
  1903 | D:2      | Learned a level 4 spell: Sticky Flame
  1964 | D:2      | Reached skill level 5 in Spellcasting
  2110 | D:3      | Reached XP level 5. HP: 4/28 MP: 7/14
  2459 | D:2      | Learned a level 5 spell: Fireball
  2660 | D:3      | Found an iron altar of Okawaru.
  3144 | D:4      | Reached skill level 6 in Spellcasting
  3203 | D:4      | Reached XP level 6. HP: 32/32 MP: 7/17
  3318 | D:4      | Found a staircase to the Ecumenical Temple.
  3325 | Temple   | Entered the Ecumenical Temple
  3410 | Temple   | Became a worshipper of Vehumet
  3686 | D:4      | Reached skill level 7 in Spellcasting
  3686 | D:4      | Reached skill level 5 in Fire Magic
  4250 | D:5      | Entered Level 5 of the Dungeon
  4266 | D:5      | Noticed an ice beast
  4615 | D:5      | Noticed Menkaure
  4681 | D:5      | Reached XP level 7. HP: 27/36 MP: 10/20
  4782 | D:5      | Killed Menkaure
  4782 | D:5      | Reached skill level 8 in Spellcasting
  4796 | D:5      | Found a transporter.
  4797 | D:5      | Noticed hydraslayer's ghost (novice DEFE)
  4801 | D:5      | Identified the +7 great mace of Xecroma {flame, rC+ rN+
                  | Int-4}
  4811 | D:5      | Found a transporter.
  4831 | D:5      | HP: 1/36 [centaur (6)]
  4965 | D:5      | Slain by an ogre

Levels and vault maps discovered:
D:1:      dpeg_arrival_tiny_j, layout_basic
D:2:      layout_basic, kennysheep_generic_room_16
D:3:      layout_basic, first_ration, hex_tiny, okawaru_trees_2
D:4:      layout_gridville, minmay_temple_entry_wispy
D:5:      layout_loops_cross, gammafunk_ghost_smash, minmay_joined_circles,
          uniq_eustachio, uniq_menkaure
Temple:   dpeg_three_leaves_temple

Skill      XL: |  1  2  3  4  5  6  7 |
---------------+----------------------+-----
Spellcasting   | 4 5 6 7 8 |  8.5
Fire Magic     | 4 5 |  5.6
Conjurations   | 2 3 4 |  4.3
Dodging        | 3 |  3.3
Stealth        | |  2.5

Action                   |  1- 3 |  4- 6 |  7- 9 || total
-------------------------+-------+-------+-------++-------
Melee: Unarmed           |     1 |       |       ||     1
       Whip              |     5 |    16 |       ||    21
 Cast: Foxfire           |    47 |   106 |    25 ||   178
       Conjure Flame     |       |    12 |       ||    12
       Sticky Flame      |       |       |     2 ||     2
  Use: Potion            |       |     2 |     1 ||     3
       Scroll            |       |     1 |       ||     1
  Eat: Chunk             |     2 |     9 |     1 ||    12
Armor: Robe              |     5 |     5 |     5 ||    15
Dodge: Dodged            |    22 |    50 |    12 ||    84

Table legend:
 A = Non-vault XP
 B = Vault XP
 C = Vault XP percentage of total XP
 D = Non-vault monster count
 E = Vault monster count
 F = Vault count percentage of total count
                 A         B        C        D         E       F
            +---------+---------+-------+---------+---------+-------
      Total |     958 |     239 |  20.0 |      90 |       6 |   6.2
            +---------+---------+-------+---------+---------+-------
        D:1 |      18 |       0 |   0.0 |      12 |       0 |   0.0
        D:2 |     133 |       3 |   2.2 |      26 |       3 |  10.3
        D:3 |     107 |       0 |   0.0 |      27 |       0 |   0.0
        D:4 |     393 |       0 |   0.0 |      20 |       0 |   0.0
        D:5 |     307 |     236 |  43.5 |       5 |       3 |  37.5
            +---------+---------+-------+---------+---------+-------
